 Dungeon Crawl Stone Soup version 0.30.1-9-gdf580d7c3d (webtiles) character file.

Game seed: 14031967925968050236

2174 croobank the Covert (level 9, -9/70 (74) HPs)
             Began as a Gnoll Delver on Sept 29, 2023.
             Was a Follower of Qazlal.
             Mangled by Joseph
             ... wielding a +0 quarterstaff
              (10 damage)
             ... on level 7 of the Dungeon.
             The game lasted 00:22:59 (7845 turns).

croobank the Covert (Gnoll Delver)                  Turns: 7845, Time: 00:23:00

HP:   -9/70 (74)    AC:  8    Str: 11    XL:     9   Next: 32%
MP:   24/24         EV: 14    Int: 14    God:    Qazlal [*.....]
Gold: 268           SH:  2    Dex: 14    Spells: 9/16 levels left

rFire   + . .        d - +2 flail (protect)
rCold   + . .        (no shield)
rNeg    . . .        j - +0 leather armour
rPois   +            (no helmet)
rElec   +            h - +0 cloak
rCorr   +            (no gloves)
SInv    +            (no boots)
Will    .....        v - amulet of magic regeneration
Stlth   ++++         n - +4 ring of protection
HPRegen 0.31/turn    p - ring of magical power
MPRegen 0.59/turn

%: no passive effects
@: resistant, on berserk cooldown, slowed, drained, very slow
A: fangs 1, strong nose, distributed training, see invisible, screaming 1,
MP-powered wands
a: Renounce Religion


You were on level 7 of the Dungeon.
You worshipped Qazlal.
Qazlal was aware of your devotion.
You visited 1 branch of the dungeon, and saw 7 of its levels.

You collected 268 gold pieces.

Inventory:

Hand Weapons
 a - a +0 short sword of freezing
 b - a +0 sling
 d - a +2 flail of protection (weapon)
 e - a +0 dagger
 q - a +0 morningstar
 u - a +0 war axe
 w - a +0 war axe
 J - a +0 dagger of pain
Missiles
 x - 11 poisoned darts
 A - 4 boomerangs (quivered)
Armour
 h - a +0 cloak (worn)
 j - a +0 leather armour (worn)
 t - a +0 ring mail
 y - a +0 kite shield
 B - a +0 scale mail
Magical Staves
 f - the staff of air "Diuzus" {rElec rC+ rN+ Stlth+}
   (You acquired it on level 4 of the Dungeon)

   [staff of air]

   Base accuracy: +5 Base damage: 5 Base attack delay: 1.2 This weapon's minimum
   attack delay (0.6) is reached at skill level 12.
   rC:        It protects you from cold.
   rElec:     It insulates you from electricity.
   rN:        It protects you from negative energy.
   Stlth:     It makes you more stealthy.
   It falls into the 'Staves' category.
   It is a one-handed weapon.
Jewellery
 n - a +4 ring of protection (left hand)
 p - a ring of magical power (right hand)
 s - a ring of ice
 v - an amulet of magic regeneration (around neck)
 F - a ring of positive energy
Wands
 g - a wand of digging (2)
 l - a wand of flame (22)
Scrolls
 c - 3 scrolls of fog
 i - a scroll of magic mapping
 D - a scroll of immolation
 I - a scroll of vulnerability
Potions
 k - 4 potions of curing
 m - a potion of attraction
 o - 2 potions of magic
 r - a potion of flight
 z - a potion of ambrosia
 H - a potion of might


   Skills:
 + Level 7.9 Fighting
 + Level 6.3 Short Blades
 + Level 4.3 Long Blades
 + Level 4.3 Axes
 + Level 4.3 Maces & Flails
 + Level 4.3 Polearms
 + Level 4.3 Staves
 + Level 4.3 Ranged Weapons
 + Level 4.3 Throwing
 + Level 4.3 Armour
 + Level 6.3 Dodging
 + Level 10.5 Stealth
 + Level 4.3 Shields
 + Level 4.3 Unarmed Combat
 + Level 4.3 Spellcasting
 + Level 3.5 Conjurations
 + Level 3.5 Hexes
 + Level 3.5 Summonings
 + Level 3.5 Necromancy
 + Level 3.5 Translocations
 + Level 3.5 Transmutations
 + Level 3.5 Fire Magic
 + Level 3.5 Ice Magic
 + Level 3.5 Air Magic
 + Level 3.5 Earth Magic
 + Level 3.5 Poison Magic
 + Level 4.7 Invocations
 + Level 4.3 Evocations


You had 9 spell levels left.
You knew the following spells:

 Your Spells              Type           Power      Damage    Failure   Level
a - Apportation           Tloc           24%        N/A       5%          1
b - Frozen Ramparts       Ice            24%        1d4       17%         3
c - Tukima's Dance        Hex            12%        N/A       17%         3

Your spell library contained the following spells:

 Spells                   Type           Power      Damage    Failure   Level
 Lesser Beckoning         Tloc           24%        N/A       9%          2
 Gell's Gravitas          Tloc           12%        N/A       17%         3
 Portal Projectile        Hex/Tloc       24%        N/A       17%         3
 Teleport Other           Tloc           12%        N/A       17%         3
 Anguish                  Hex/Necr       6%         N/A       50%         4
 Cause Fear               Hex            6%         N/A       50%         4
 Ice Form                 Ice/Tmut       12%        N/A       50%         4
 Summon Ice Beast         Ice/Summ       12%        N/A       50%         4
 Summon Lightning Spire   Summ/Air       12%        N/A       50%         4
 Alistair's Intoxication  Tmut/Pois      8%         N/A       83%         5
 Blade Hands              Tmut           6%         N/A       83%         5
 Enfeeble                 Hex            6%         N/A       100%        7
 Storm Form               Tmut/Air       6%         N/A       100%        7
 Maxwell's Capacitive Co  Air            6%         ∞         100%        8


Dungeon Overview and Level Annotations

Branches:
Dungeon (7/15)             Temple (0/1) D:5

Altars:
Qazlal
Ru
Sif Muna

Annotations:
D:2 1 runed translucent door, Crazy Yiuf
D:7 Joseph


Innate Abilities, Weirdness & Mutations

You have very sharp teeth.
Your uncanny sense of smell can sniff out nearby items.
Your experience applies equally to all skills.
You have supernaturally acute eyesight. (SInv)
You occasionally shout uncontrollably at your foes.
You expend magic power (3 MP) to strengthen your wands.


Message History

A red film seems to cover your vision as you go berserk!
You feel yourself moving faster!
You feel mighty!
The wall freezes Joseph.
Joseph hits you with a +0 quarterstaff.
You sock Joseph!
Your weapon exudes an aura of protection.
Joseph is moderately wounded.
The wall freezes Joseph.
Joseph zaps a wand.
You suddenly lose the ability to move!
The wall freezes Joseph but does no damage.
Joseph hits you with a +0 quarterstaff!
The wall freezes Joseph but does no damage.
Joseph hits you with a +0 quarterstaff.
The frozen ramparts melt away.
Joseph barely misses you.
You can move again.
You thump Joseph! Your bite misses Joseph.
Joseph is heavily wounded.
Joseph hits you with a +0 quarterstaff.
You sock Joseph!
Joseph is severely wounded.
You hit Joseph.
Joseph is severely wounded.
Joseph zaps a wand.
You shrug off the repeated paralysis!
You closely miss Joseph.
Joseph is severely wounded.
Joseph zaps a wand.
You suddenly lose the ability to move!
The now-empty wand crumbles to dust.
Joseph hits you but does no damage.
You are no longer berserk.
You feel yourself slow down. Joseph hits you with a +0 quarterstaff.
Joseph hits you with a +0 quarterstaff!
* * * LOW HITPOINT WARNING * * *
Joseph hits you with a +0 quarterstaff!
* * * LOW HITPOINT WARNING * * *
You can move again.
It was a potion of resistance.
You feel protected. Joseph hits you with a +0 quarterstaff.
* * * LOW HITPOINT WARNING * * *
Joseph hits you with a +0 quarterstaff!
You die...

........#
#......######.
........#
#.............
........#
#.......#####
........#
#.......#
........#
#.....!.#
........#
#.......#
........#
####+##.#
........#
##.##.#
......###
#..@@.#
.......#
#..###....#
.......# #.
.####
.......... #
.# ......###..
.. ......# #
#. ......# .#
####### #


You could see Joseph.

Vanquished Creatures
  Prince Ribbit (D:7)
  3 yaks (D:5)
  A wyvern (D:7)
  A sky beast (D:4)
  An ogre (D:4)
  A centaur (D:4)
  2 phantoms
  Blork the orc (D:5)
  A kobold brigand (D:6)
  2 bullfrogs
  4 scorpions
  2 howler monkeys
  A jelly (D:6)
  2 hounds
  4 iguanas
  3 orc wizards
  5 adders
  2 white imps
  An ufetubus (D:7)
  3 worms
  A dart slug (D:1)
  17 orcs
  16 bats
  10 endoplasms
  A giant cockroach (D:1)
  3 goblins
  5 hobgoblins
  6 kobolds
  A quokka (D:2)
  10 ball pythons
  2 frilled lizards
  5 rats
118 creatures vanquished.

Notes
Turn   | Place    | Note
-------+----------+-------------------------------------------
     0 | D:5      | Reached skill level 9 in Stealth
     0 | D:5      | croobank the Gnoll Delver began the quest for the Orb.
     0 | D:5      | Reached XP level 1. HP: 23/23 MP: 1/1
    34 | D:6      | Noticed a phantom
    90 | D:5      | Noticed a yak
   105 | D:5      | Noticed a bullfrog
   110 | D:5      | Killed a bullfrog
   111 | D:5      | Reached skill level 1 in Long Blades
   111 | D:5      | Reached skill level 1 in Axes
   111 | D:5      | Reached skill level 1 in Maces & Flails
   111 | D:5      | Reached skill level 1 in Polearms
   111 | D:5      | Reached skill level 1 in Staves
   111 | D:5      | Reached skill level 1 in Ranged Weapons
   111 | D:5      | Reached skill level 1 in Throwing
   111 | D:5      | Reached skill level 1 in Armour
   111 | D:5      | Reached skill level 1 in Shields
   111 | D:5      | Reached skill level 1 in Unarmed Combat
   111 | D:5      | Reached skill level 1 in Spellcasting
   111 | D:5      | Reached skill level 1 in Invocations
   111 | D:5      | Reached skill level 1 in Evocations
   111 | D:5      | Reached XP level 2. HP: 29/29 MP: 1/3
   111 | D:5      | Reached XP level 3. HP: 35/35 MP: 1/4
   111 | D:5      | Reached XP level 4. HP: 41/41 MP: 1/5
   159 | D:5      | Noticed Blork the orc
   235 | D:5      | Noticed a scorpion
   237 | D:5      | Noticed a yak
   242 | D:4      | Noticed a sky beast
   242 | D:4      | Found a stormy altar of Qazlal.
   408 | D:2      | Reached skill level 1 in Conjurations
   408 | D:2      | Reached skill level 1 in Hexes
   408 | D:2      | Reached skill level 1 in Summonings
   408 | D:2      | Reached skill level 1 in Necromancy
   408 | D:2      | Reached skill level 1 in Translocations
   408 | D:2      | Reached skill level 1 in Transmutations
   408 | D:2      | Reached skill level 1 in Fire Magic
   408 | D:2      | Reached skill level 1 in Ice Magic
   408 | D:2      | Reached skill level 1 in Air Magic
   408 | D:2      | Reached skill level 1 in Earth Magic
   408 | D:2      | Reached skill level 1 in Poison Magic
  1525 | D:2      | Reached XP level 5. HP: 47/47 MP: 5/7
  1677 | D:2      | Found a runed translucent door.
  1678 | D:2      | Noticed Crazy Yiuf
  2087 | D:3      | Found a faded altar of an unknown god.
  2909 | D:4      | Killed a sky beast
  2910 | D:4      | Reached skill level 5 in Short Blades
  2910 | D:4      | Reached skill level 5 in Dodging
  2910 | D:4      | Reached XP level 6. HP: 17/53 MP: 8/8
  3116 | D:4      | Became a worshipper of Qazlal Stormbringer
  3214 | D:4      | Identified a scroll of acquirement
  3244 | D:4      | Acquired the staff of air "Diuzus" {rElec rC+ rN+ Stlth+}
  3481 | D:4      | Found a shimmering blue altar of Sif Muna.
  3927 | D:4      | Reached XP level 7. HP: 18/60 MP: 10/10
  4309 | D:5      | Noticed a yak
  4320 | D:5      | Found a staircase to the Ecumenical Temple.
  4758 | D:5      | Gained mutation: You have hidden genetic defects. [potion
                  | of mutation]
  4758 | D:5      | Gained mutation: Your magical capacity is low. (-10% MP)
                  | [potion of mutation]
  4758 | D:5      | Gained mutation: You occasionally shout uncontrollably at
                  | your foes. [potion of mutation]
  4758 | D:5      | Gained mutation: You have supernaturally acute eyesight.
                  | (SInv) [potion of mutation]
  4765 | D:5      | Killed a yak
  4766 | D:5      | Reached skill level 10 in Stealth
  4772 | D:5      | Gained mutation: You occasionally lose the ability to read
                  | scrolls when taking damage. [hidden defects]
  4776 | D:5      | Killed a yak
  4777 | D:5      | Reached XP level 8. HP: 56/67 MP: 11/11
  4787 | D:5      | Killed a yak
  4794 | D:5      | Gained mutation: You do not regenerate when monsters are
                  | visible. [hidden defects]
  4794 | D:5      | Lost mutation: You have hidden genetic defects. [hidden
                  | defects expressed]
  5308 | D:5      | Killed Blork the orc
  5308 | D:5      | Reached * piety under Qazlal
  6321 | D:6      | Lost mutation: You do not regenerate when monsters are
                  | visible. [potion of mutation]
  6321 | D:6      | Lost mutation: You occasionally lose the ability to read
                  | scrolls when taking damage. [potion of mutation]
  6321 | D:6      | Lost mutation: Your magical capacity is low. (-10% MP)
                  | [potion of mutation]
  6321 | D:6      | Gained mutation: You expend magic power (3 MP) to
                  | strengthen your wands. [potion of mutation]
  6647 | D:6      | Found a sacrificial altar of Ru.
  6655 | D:6      | Learned a level 1 spell: Apportation
  6659 | D:6      | Learned a level 3 spell: Frozen Ramparts
  6845 | D:7      | Noticed a wyvern
  7030 | D:7      | Killed a wyvern
  7031 | D:7      | Reached XP level 9. HP: 26/73 MP: 15/15
  7200 | D:7      | Learned a level 3 spell: Tukima's Dance
  7262 | D:7      | Noticed Prince Ribbit
  7287 | D:7      | Killed Prince Ribbit
  7828 | D:7      | Noticed Joseph
  7830 | D:7      | Paralysed by Joseph for 2 turns
  7833 | D:7      | Paralysed by Joseph for 3 turns
  7840 | D:7      | Paralysed by Joseph for 4 turns
  7845 | D:7      | HP: 1/70 [Joseph/+0 quarterstaff (4)]
  7845 | D:7      | Mangled by Joseph

Illustrated notes

Levels and vault maps discovered:
D:1:      dpeg_arrival_ternary, layout_basic
D:2:      layout_rooms, uniq_crazy_yiuf_cottage
D:3:      layout_basic, dreamdust_ecumenical_altar_angels_and_demons
D:4:      layout_basic, mainiacjoe_overflow_catwalk,
          nicolae_qazlal_beasts_of_the_sky, serial_glass, glass_columns_b,
          glass_columns_b, roderic_batcave
D:5:      layout_loops_cross, minmay_temple_entry_waves, uniq_blork_the_orc
D:6:      layout_basic, mainiacjoe_overflow_alcove_2
D:7:      layout_basic, uniq_duvessa, uniq_prince_ribbit1, uniq_joseph

Skill      XL: |  1  2  3  4  5  6  7  8 |
---------------+-------------------------+-----
Stealth        | 10 | 10.5
Long Blades    | 1 2 3 4 |  4.3
Axes           | 1 2 3 4 |  4.3
Maces & Flails | 1 2 3 4 |  4.3
Polearms       | 1 2 3 4 |  4.3
Staves         | 1 2 3 4 |  4.3
Ranged Weapons | 1 2 3 4 |  4.3
Throwing       | 1 2 3 4 |  4.3
Armour         | 1 2 3 4 |  4.3
Shields        | 1 2 3 4 |  4.3
Unarmed Combat | 1 2 3 4 |  4.3
Spellcasting   | 1 2 3 4 |  4.3
Invocations    | 1 2 3 4 |  4.7
Evocations     | 1 2 3 4 |  4.3
Conjurations   | 1 2 3 |  3.5
Hexes          | 1 2 3 |  3.5
Summonings     | 1 2 3 |  3.5
Necromancy     | 1 2 3 |  3.5
Translocations | 1 2 3 |  3.5
Transmutations | 1 2 3 |  3.5
Fire Magic     | 1 2 3 |  3.5
Ice Magic      | 1 2 3 |  3.5
Air Magic      | 1 2 3 |  3.5
Earth Magic    | 1 2 3 |  3.5
Poison Magic   | 1 2 3 |  3.5
Short Blades   | 5 6 |  6.3
Dodging        | 5 6 |  6.3
Fighting       | 7 |  7.9

Action                     |  1- 3 |  4- 6 |  7- 9 || total
---------------------------+-------+-------+-------++-------
  Melee: Short sword       |     1 |    90 |       ||    91
         Bite              |       |    44 |    69 ||   113
         Punch             |       |     6 |    25 ||    31
         Dagger            |       |   319 |   427 ||   746
         Flail             |       |       |    21 ||    21
         Staff             |       |       |    11 ||    11
  Throw: Dart              |       |     5 |    29 ||    34
         Boomerang         |       |       |    26 ||    26
   Cast: Frozen Ramparts   |       |       |     4 ||     4
  Evoke: Wand              |       |     1 |     1 ||     2
    Use: Potion            |     1 |     3 |     8 ||    12
         Scroll            |       |    11 |    10 ||    21
   Stab: Sleeping          |     1 |    25 |       ||    26
 Armour: Leather armour    |       |   143 |    82 ||   225
  Dodge: Dodged            |     1 |   247 |   194 ||   442
  Block: Other             |       |       |     9 ||     9
